 Dungeon Crawl Stone Soup version 0.29.0-4-gdea44cf6ec (webtiles) character file.

Game seed: 17274352069306635140

501 qw the Chopper (level 7, -5/41 HPs)
             Began as a Tengu Warper on Aug 28, 2022.
             Was an Initiate of Okawaru.
             Slain by a wyvern (13 damage)
             ... on level 8 of the Dungeon.
             The game lasted 00:00:24 (4555 turns).

qw the Chopper (Tengu Warper)                       Turns: 4555, Time: 00:00:24

Health: -5/41      AC:  7    Str: 13    XL:     7   Next: 17%
Magic:  11/11      EV: 10    Int: 14    God:    Okawaru [......]
Gold:   289        SH:  6    Dex: 13    Spells: 10/10 levels left

rFire   . . .      SeeInvis .   Y - +3 broad axe (vorpal)
rCold   . . .      Faith    .   e - +2 buckler
rNeg    . . .      Spirit   .   j - +0 scale mail
rPois   +          Reflect  .   (helmet restricted)
rElec   .          Harm     .   (no cloak)
rCorr   .          Rampage  .   f - +0 pair of gloves
Will    .....                   (boots unavailable)
Stlth   ..........              (no amulet)
HPRegen 0.13/turn               g - ring of poison resistance
MPRegen 0.12/turn               (no ring)

@: flying quickly and evasively, quick
A: beak, talons 3, nimble flight
a: Renounce Religion


You were on level 8 of the Dungeon.
You worshipped Okawaru.
Okawaru was noncommittal.
You visited 2 branches of the dungeon, and saw 7 of its levels.

You collected 289 gold pieces.


Innate Abilities, Weirdness & Mutations

You have a beak for a mouth.
You have claws for feet.
Your magical nature lets you fly swiftly and evasively.


   Skills:
 - Level 3.4 Fighting
 + Level 7.1 Axes
 - Level 1.0 Throwing
 - Level 1.1 Armour
 - Level 2.1 Dodging
 - Level 2.3 Shields
 - Level 2.0 Spellcasting
 - Level 2.4 Translocations


You had 10 spell levels left.
You didn't know any spells.
Your spell library contained the following spells:

 Spells                   Type           Power      Damage    Failure   Level
 Blink                    Tloc           16%        N/A       65%         2
 Gell's Gravitas          Tloc           8%         N/A       86%         3
 Lesser Beckoning         Tloc           8%         N/A       86%         3
 Teleport Other           Tloc           8%         N/A       86%         3
 Manifold Assault         Tloc           8%         N/A       100%        5

Inventory:

Hand Weapons
 c - a +0 flail
 Y - a +3 vorpal broad axe (weapon)
Armour
 d - a +2 pair of gloves
 e - a +2 buckler (worn)
 f - a +0 pair of gloves (worn)
 j - a +0 scale mail (worn)
Jewellery
 b - an amulet of reflection
 g - a ring of poison resistance (left hand)
Scrolls
 a - 2 scrolls of identify
 m - a scroll of silence {unknown}
Potions
 h - 3 potions of cancellation
 i - a potion of magic
 l - 3 potions of curing {unknown}
 n - a potion of haste {unknown}

Dungeon Overview and Level Annotations

Branches:
Dungeon (5/15)             Temple (1/1) D:4

Altars:
Ashenzari
Dithmenos
Elyvilon
Makhleb
Nemelex Xobeh
Okawaru
Qazlal
Ru
Sif Muna
Trog
Uskayaw
Vehumet
Xom
Zin
The Shining One


Message History

Okawaru accepts your kill.
The wight hits you with a +3 short sword. x2
You feel drained.
You hit the wight but do no damage. Your kick misses the wight.
You peck the wight, but do no damage.
The wight is moderately damaged.
The wight hits you but does no damage.
You barely miss the wight. Your kick misses the wight.
You peck the wight, but do no damage.
The wight is moderately damaged.
The wight misses you.
You hit the wight. You claw the wight.
The wight is almost destroyed.
You closely miss the orc. The wight closely misses you.
The orc barely misses you. The wyvern bites you! The wight closely misses you.
The orc hits you but does no damage.
You hit the wight.
You destroy the wight!
Okawaru accepts your kill.
You hit the orc. You slash the wyvern!
The wyvern bites you but does no damage.
You block the wyvern's attack. You block the orc's attack.
Your life force feels restored.
Your Shields skill increases to level 2!
You slash the orc!
You kill the orc!
Okawaru accepts your kill.
You hit the wyvern. The wyvern closely misses you. The wyvern misses you.
You hit the wyvern but do no damage. You claw the wyvern.
The wyvern is heavily wounded.
The wyvern bites you. You block the wyvern's attack.
You hit the wyvern but do no damage. You claw the wyvern.
The wyvern is severely wounded.
You block the wyvern's attack. The wyvern bites you!
You closely miss the wyvern. You peck the wyvern.
The wyvern is severely wounded.
The wyvern bites you but does no damage.
The wyvern bites you!
You die...

####+##
#.....#
#.....########
#.............
#.............
#.............
#..)..##......
#.@)..## ..l..
#..l...# o...
#.....[# ...
#......# ..
#......# l
#......+
#......#
#......#
#...####


You could see a wyvern.

Vanquished Creatures
  An ice beast (D:4)
  A bullfrog (D:8)
  A scorpion (D:5)
  A wight (D:8)
  A hound (D:4)
  An iguana (D:5)
  An orc wizard (D:4)
  A gnoll (D:2)
  6 adders
  A shadow imp (D:5)
  2 worms
  7 orcs
  6 ball pythons
  9 endoplasms
  6 giant cockroaches
  4 goblins
  4 hobgoblins
  7 jackals
  3 kobolds
  4 quokkas
  3 bats
  A frilled lizard (D:2)
  2 rats (D:2)
73 creatures vanquished.

Vanquished Creatures (others)
  2 fungi (D:2)
2 creatures vanquished.

Grand Total: 75 creatures vanquished

Notes
Turn   | Place    | Note
-------+----------+-------------------------------------------
     0 | D:1      | qw the Tengu Warper began the quest for the Orb.
     0 | D:1      | Reached XP level 1. HP: 12/12 MP: 4/4
     0 | D:1      | 0 ||| qw: Version: 0.1-a-89-g26bdef1
     0 | D:1      | 0 ||| qw: Game counter: 1962
     0 | D:1      | 0 ||| qw: Always use a shield: true
     0 | D:1      | 0 ||| qw: God list: Okawaru
     0 | D:1      | 0 ||| qw: Allow faded altars: false
     0 | D:1      | 0 ||| qw: Do Orc after D:15 true
     0 | D:1      | 0 ||| qw: Do second Lair branch before Depths: true
     0 | D:1      | 0 ||| qw: Lair rune preference: random
     0 | D:1      | 0 ||| qw: Plans: Normal
     0 | D:1      | 0 ||| PLANNING D:1-11
    19 | D:1      | 19 ||| Stepping ~*~*~tactically~*~*~ (stealth).
   101 | D:1      | 101 ||| Stepping ~*~*~tactically~*~*~ (stealth).
   102 | D:1      | 102 ||| Stepping ~*~*~tactically~*~*~ (stealth).
   103 | D:1      | 103 ||| Stepping ~*~*~tactically~*~*~ (stealth).
   110 | D:1      | Reached XP level 2. HP: 17/17 MP: 6/6
   111 | D:1      | Reached skill level 3 in Axes
   504 | D:1      | 504 ||| Stepping ~*~*~tactically~*~*~ (stealth).
   513 | D:1      | 513 ||| Stepping ~*~*~tactically~*~*~ (stealth).
   522 | D:1      | 522 ||| Stepping ~*~*~tactically~*~*~ (stealth).
   526 | D:1      | 526 ||| Stepping ~*~*~tactically~*~*~ (stealth).
   811 | D:1      | 811 ||| UPGRADING to +0 ring mail.
   821 | D:1      | 821 ||| DROPPING +0 leather armour.
   822 | D:1      | 822 ||| DROPPING ring of flight.
   823 | D:1      | 823 ||| READING scroll labelled ONAOSI CUYCS.
   824 | D:1      | 824 ||| READING scroll labelled OMUMPA VUFFUGO.
   829 | D:1      | 829 ||| DRINKING 2 blue potions.
   830 | D:1      | 830 ||| DROPPING scroll of blinking.
   874 | D:2      | Reached XP level 3. HP: 21/21 MP: 7/7
   885 | D:2      | 885 ||| Stepping ~*~*~tactically~*~*~ (stealth).
   938 | D:2      | 938 ||| Stepping ~*~*~tactically~*~*~ (stealth).
   947 | D:2      | Reached skill level 4 in Axes
   949 | D:2      | 949 ||| DROPPING +0 whip.
  1023 | D:2      | Identified the +5 short sword "Nosevizi" {venom, Str+2}
  1069 | D:2      | Reached XP level 4. HP: 12/26 MP: 8/8
  1097 | D:2      | 1097 ||| FLEEEEING.
  1098 | D:2      | 1098 ||| FLEEEEING.
  1105 | D:2      | 1105 ||| FLEEEEING.
  1106 | D:2      | 1106 ||| FLEEEEING.
  1112 | D:2      | 1112 ||| FLEEEEING.
  1117 | D:2      | 1117 ||| FLEEEEING.
  1118 | D:2      | 1118 ||| FLEEEEING.
  1119 | D:2      | 1119 ||| FLEEEEING.
  1120 | D:2      | 1120 ||| STAIRDANCE
  1265 | D:1      | 1265 ||| DROPPING ring of magical power.
  1266 | D:1      | 1266 ||| READING scroll labelled CANEPH WEDA.
  1266 | D:1      | Identified a scroll of acquirement
  1266 | D:1      | 1266 ||| ACQUIRING +1 vorpal broad axe
  1266 | D:1      | Acquired a +1 vorpal broad axe
  1268 | D:1      | 1268 ||| SWAPPING to +1 vorpal broad axe.
  1269 | D:1      | 1269 ||| DROPPING +0 hand axe.
  1272 | D:2      | 1272 ||| STAIRDANCE
  1341 | D:2      | Found a faded altar of an unknown god.
  1446 | D:2      | Reached skill level 5 in Axes
  1785 | D:2      | 1785 ||| UPGRADING to +0 pair of gloves.
  1790 | D:2      | 1790 ||| UPGRADING to +0 scale mail.
  1800 | D:2      | 1800 ||| DROPPING +0 ring mail.
  1801 | D:2      | 1801 ||| READING scroll labelled RAHIUKICIU.
  1802 | D:2      | 1802 ||| READING scroll labelled XEHYRO MITYI.
  1803 | D:2      | 1803 ||| READING 3 scrolls of identify.
  1803 | D:2      | 1803 ||| IDENTIFYING black potion
  2748 | D:3      | 2748 ||| READING 3 scrolls of identify.
  2748 | D:3      | 2748 ||| IDENTIFYING fuming golden potion
  2749 | D:3      | 2749 ||| READING 2 scrolls of identify.
  2749 | D:3      | 2749 ||| IDENTIFYING green potion
  2750 | D:3      | 2750 ||| DROPPING potion of ambrosia.
  2751 | D:3      | 2751 ||| DROPPING potion of magic.
  2786 | D:4      | 2786 ||| STAIRDANCE
  2793 | D:4      | 2793 ||| STAIRDANCE
  2798 | D:3      | Gained mutation: Your magical nature lets you fly swiftly
                  | and evasively. [Tengu growth]
  2798 | D:3      | Reached XP level 5. HP: 30/30 MP: 9/9
  2817 | D:4      | 2817 ||| Stepping ~*~*~tactically~*~*~ (stealth).
  2821 | D:4      | 2821 ||| Stepping ~*~*~tactically~*~*~ (hiding).
  2824 | D:4      | 2824 ||| Stepping ~*~*~tactically~*~*~ (hiding).
  2834 | D:4      | 2834 ||| FLEEEEING.
  2835 | D:4      | 2835 ||| FLEEEEING.
  2836 | D:4      | 2836 ||| FLEEEEING.
  2837 | D:4      | 2837 ||| FLEEEEING.
  2838 | D:4      | 2838 ||| FLEEEEING.
  2839 | D:4      | 2839 ||| FLEEEEING.
  2840 | D:4      | 2840 ||| FLEEEEING.
  2841 | D:4      | 2841 ||| FLEEEEING.
  2850 | D:4      | HP: 4/30 [something/magic dart (6)]
  2851 | D:4      | 2851 ||| DRINKING potion of heal wounds.
  3046 | D:4      | Reached skill level 6 in Axes
  3046 | D:4      | 3046 ||| FLEEEEING.
  3052 | D:4      | 3052 ||| FLEEEEING.
  3425 | D:4      | Noticed an ice beast
  3434 | D:4      | Killed an ice beast
  3435 | D:4      | Reached skill level 7 in Axes
  3435 | D:4      | Reached XP level 6. HP: 35/35 MP: 10/10
  3476 | D:4      | Found a staircase to the Ecumenical Temple.
  3477 | D:4      | 3477 ||| PLANNING TEMPLE
  3477 | D:4      | 3477 ||| UPGRADING to +2 buckler.
  3482 | D:4      | 3482 ||| UPGRADING to ring of poison resistance.
  3483 | D:4      | 3483 ||| READING scroll labelled BUTISA TIT.
  3484 | D:4      | 3484 ||| READING scroll labelled JASTA JETHEONG.
  3485 | D:4      | 3485 ||| DRINKING 2 fizzy brown potions.
  3486 | D:4      | 3486 ||| DROPPING potion of invisibility.
  3495 | Temple   | Entered the Ecumenical Temple
  3590 | Temple   | Became a worshipper of Warmaster Okawaru
  3694 | Temple   | 3694 ||| PLANNING D:1-11
  3750 | D:4      | 3750 ||| READING scroll of enchant weapon.
  3750 | D:4      | 3750 ||| ENCHANTING +2 vorpal broad axe.
  4151 | D:4      | 4151 ||| READING scroll labelled GOZ EGEICW.
  4152 | D:4      | 4152 ||| READING scroll labelled IBRO YMIETI.
  4227 | D:5      | Entered Level 5 of the Dungeon
  4302 | D:5      | Reached skill level 1 in Shields
  4520 | D:5      | You are sucked into a shaft and drop 3 floors!
  4530 | D:8      | Reached skill level 3 in Fighting
  4530 | D:8      | Reached XP level 7. HP: 41/41 MP: 11/11
  4536 | D:8      | 4536 ||| Stepping ~*~*~tactically~*~*~ (stealth).
  4538 | D:8      | Noticed a wyvern
  4540 | D:8      | 4540 ||| Stepping ~*~*~tactically~*~*~ (stealth).
  4541 | D:8      | 4541 ||| Stepping ~*~*~tactically~*~*~ (stealth).
  4543 | D:8      | 4543 ||| Stepping ~*~*~tactically~*~*~ (stealth).
  4544 | D:8      | 4544 ||| Stepping ~*~*~tactically~*~*~ (stealth).
  4554 | D:8      | HP: 8/41 [wyvern (10)]
  4555 | D:8      | Slain by a wyvern

Levels and vault maps discovered:
D:1:      amcnicky_arrival_blooded_trapdoor, layout_loops_ring
D:2:      minmay_spotlight, layout_basic, shapermc_ecumenical_altar_rom_forum,
          minmay_pentomino_x2
D:3:      layout_basic, serial_park_tiny_1
D:4:      layout_layer_cave, temple_statues
D:5:      layout_basic, general_overflow_altar, yredelemnul_altar_generic
D:8:      layout_gridville, serial_shops, shop, gammafunk_ghost_hydra_chop,
          dk_vineyard_2
Temple:   regret_index_temple_generic_petals

Skill      XL: |  1  2  3  4  5  6  7 |
---------------+----------------------+-----
Axes           | 3 4 5 7 |  7.1
Shields        | 1 2 |  2.3
Fighting       | 3 |  3.4
Throwing       | |  1.0
Armour         | |  1.1
Dodging        | |  2.1
Spellcasting   | |  2.0
Translocations | |  2.4

Action                   |  1- 3 |  4- 6 |  7- 9 || total
-------------------------+-------+-------+-------++-------
Melee: Hand axe          |    61 |     7 |       ||    68
       Kick              |    15 |    14 |     4 ||    33
       Peck              |     9 |    10 |     6 ||    25
       Broad axe         |       |    74 |    12 ||    86
Throw: Boomerang         |     7 |    48 |       ||    55
  Use: Scroll            |     2 |    11 |       ||    13
       Potion            |     1 |     2 |       ||     3
Armor: Leather armour    |     2 |       |       ||     2
       Ring mail         |     8 |     4 |       ||    12
       Scale mail        |       |    35 |     4 ||    39
Dodge: Dodged            |    28 |    32 |     6 ||    66
Block: Buckler           |       |     1 |     6 ||     7

Table legend:
 A = Non-vault XP
 B = Vault XP
 C = Vault XP percentage of total XP
 D = Non-vault monster count
 E = Vault monster count
 F = Vault count percentage of total count
                 A         B        C        D         E       F
            +---------+---------+-------+---------+---------+-------
      Total |     700 |      17 |   2.4 |      71 |       2 |   2.7
            +---------+---------+-------+---------+---------+-------
        D:1 |      31 |       0 |   0.0 |      16 |       0 |   0.0
        D:2 |      71 |      17 |  19.3 |      22 |       2 |   8.3
        D:3 |      46 |       0 |   0.0 |      11 |       0 |   0.0
        D:4 |     240 |       0 |   0.0 |      14 |       0 |   0.0
        D:5 |     142 |       0 |   0.0 |       4 |       0 |   0.0
        D:8 |     170 |       0 |   0.0 |       4 |       0 |   0.0
            +---------+---------+-------+---------+---------+-------
